 Dungeon Crawl Stone Soup version 0.18.1-8-gdd0e5ea (webtiles) character file.

4635 Wooh the Ruffian (level 10, -3/96 HPs)
             Began as a Troll Warper on May 22, 2016.
             Was an Elder of Okawaru.
             Slain by a blink frog (11 damage)
             ... on level 1 of the Lair of Beasts.
             The game lasted 00:31:26 (7947 turns).

Wooh the Ruffian (Troll Warper)                     Turns: 7947, Time: 00:31:26

Health: -3/96      AC: 10    Str: 24    XL:     10   Next: 20%
Magic:  7/10       EV: 12    Int: 10    God:    Okawaru [****..]
Gold:   423        SH:  0    Dex: 11    Spells: 5 memorised, 1 level left

rFire  . . .     SeeInvis .       - Unarmed
rCold  . . .     Gourm    +     a - +0 robe
rNeg   . . .     Faith    .     (no shield)
rPois  +         Spirit   .     (helmet restricted)
rElec  .         Dismiss  .     Q - +0 cloak
rCorr  .         Reflect  .     (gloves unavailable)
SustAt .         Harm     .     (boots unavailable)
MR     .....                    q - amulet of magic regeneration
Stlth  +.........               D - ring of wizardry
                                G - +3 ring of strength

@: about to teleport, repel missiles, not resistant to hostile enchantments,
very unstealthy
A: unfitting armour, claws 3, iridescent scales 1, fast metabolism 3, gourmand,
poison resistance, regeneration 2, shaggy fur 1, tough skin 2
a: Heroism, Renounce Religion


You were on level 1 of the Lair of Beasts.
You worshipped Okawaru.
Okawaru was greatly pleased with you.
You were not hungry.

You visited 2 branches of the dungeon, and saw 9 of its levels.
You also visited: Ossuary.

You collected 423 gold pieces.

Inventory:

Missiles
 d - 5 tomahawks of dispersal
 E - 4 tomahawks
 F - 2 throwing nets
 I - 5 javelins (quivered)
Armour
 a - a +0 robe (worn)
 Q - a +0 cloak (worn)
Jewellery
 q - an amulet of magic regeneration (around neck)
 D - a ring of wizardry (right claw)
 G - a +3 ring of strength (left claw)
Wands
 y - a wand of flame (28/48)
 P - a wand of flame (26/48)
 U - a wand of hasting (1/9)
Scrolls
 c - 4 scrolls of blinking
 e - 5 scrolls of teleportation
 g - a scroll of magic mapping {unknown}
 h - 3 scrolls of remove curse {unknown}
 k - a scroll of holy word {unknown}
 m - 4 scrolls of fear
 o - 2 scrolls of fog {unknown}
 s - a scroll of amnesia {unknown}
 u - a scroll of noise {unknown}
 B - a scroll of random uselessness {unknown}
 H - 2 scrolls of recharging {unknown}
 O - a scroll of enchant armour {unknown}
 T - a scroll of silence {unknown}
Potions
 i - 3 potions of lignification
 j - 2 potions of curing
 l - a potion of resistance {unknown}
 n - 2 potions of degeneration {unknown}
 p - a potion of heal wounds {unknown}
 t - 2 potions of flight {unknown}
 v - 3 potions of might {unknown}
 w - a potion of magic {unknown}
 x - a potion of agility {unknown}
 A - a potion of berserk rage {unknown}
 C - a potion of ambrosia {unknown}
Books
 r - an Akashic Record

   Spells                             Type                      Level
   a - Dispersal                      Translocation                6
   b - Malign Gateway                 Summoning/Translocation      7
   c - Disjunction                    Translocation                8
   d - Controlled Blink               Translocation                8
 R - a book of Air

   Spells                             Type                      Level
   a - Shock                          Conjuration/Air              1
   b - Swiftness                      Charms/Air                   2
   c - Repel Missiles                 Charms/Air                   2
   d - Static Discharge               Conjuration/Air              3
   e - Lightning Bolt                 Conjuration/Air              5
Comestibles
 b - a slice of pizza
 f - 8 bread rations
 z - a chunk of flesh
 L - 13 fruits


   Skills:
 + Level 5.0 Fighting
 - Level 0.8 Throwing
 - Level 6.2 Dodging
 - Level 7.4 Unarmed Combat
 - Level 1.2 Spellcasting
 - Level 4.4 Charms
 - Level 5.6 Translocations


You had one spell level left.
You knew the following spells:

 Your Spells              Type           Power        Failure   Level  Hunger
a - Apportation           Tloc           ##........   1%          1    ##.....
b - Blink                 Tloc           N/A          3%          2    ###....
c - Shroud of Golubria    Chrm/Tloc      ##........   4%          2    ###....
d - Teleport Other        Tloc           ##......     4%          3    ####...
e - Repel Missiles        Chrm/Air       #.....       9%          2    ###....


Dungeon Overview and Level Annotations

Branches:
Dungeon (8/15)             Temple (0/1) D:4            Lair (1/8) D:8

Altars:
Ashenzari
Elyvilon
Fedhas
Okawaru
Trog
Vehumet
Xom
The Shining One

Shops:
D:6 :   D:8 :


Innate Abilities, Weirdness & Mutations

You are too large for most types of armour.
You have claws for hands.
Your metabolism is lightning-fast.
You like to eat raw meat.
You heal very quickly.
You are covered in fur (AC +1).
You have very tough skin (AC +2).
You are partially covered in iridescent scales (AC +4).
Your system is resistant to poisons.


Message History

The blink frog blinks!
The blink frog hits you!
* * * LOW HITPOINT WARNING * * *
The blink frog blinks!
Casting: Blink
Confirm with . or Enter, or press ? or * to list all spells.
You blink.
The blink frog blinks! x2
Drink which item? (? for menu, Esc to quit)
You feel better.
The blink frog blinks! x2
Read which item? (? for menu, Esc to quit)
As you read the scroll of teleportation, it crumbles to dust.
You feel strangely unstable.
The blink frog blinks!
The blink frog barely misses you. The blink frog hits you!
* * * LOW HITPOINT WARNING * * *
The blink frog blinks! x2
Casting: Blink
Confirm with . or Enter, or press ? or * to list all spells.
Space distorts slightly along a thin shroud covering your body.
The blink frog barely misses you.
The blink frog blinks! x2
The blink frog barely misses you. The blink frog hits you!
You die...

#......#......##....
##........##........
##.......)##........
#.........P#...##...
#.....F#.......##...
##.........#...##...
#§...§....##...##...
##F.F.P#..##...#P...
#F@..##.......##...
##§.F.##........#...
#P.....#...#)..##...
##....##...#...##...
#.§#.##...#...##...
#....##.......##...
#.........#...#....
#.........#...#....
#..#......#...##...


You could see 5 blink frogs.

Vanquished Creatures
  A spiny frog (Lair:1)
  Prince Ribbit (D:7)
  4 yaks (Lair:1)
  A hungry ghost (D:8)
  Menkaure (D:7)
  2 porcupines (Lair:1)
  2 hell hounds (D:8)
  2 water moccasins
  A sky beast (D:5)
  An orc warrior (D:6)
  A phantom (D:6)
  3 wolves (Lair:1)
  2 centaurs
  5 ogres
  A crocodile (Lair:1)
  2 giant frogs (Lair:1)
  A scorpion (D:5)
  3 howler monkeys (D:8)
  2 crimson imps
  2 centaur zombies (D:6)
  5 orc priests
  Crazy Yiuf (D:7)
  2 centaur skeletons
  A giant frog skeleton (D:8)
  3 hounds
  A worker ant (D:8)
  An iguana (D:6)
  4 orc wizards
  A killer bee zombie (D:6)
  5 big kobold zombies (Ossuary)
  A mummy (Ossuary)
  2 howler monkey zombies (D:6)
  7 adders
  3 gnolls (D:4)
  13 river rats (Lair:1)
  3 shadow imps
  2 oozes
  2 adder skeletons
  6 adder zombies
  7 worms
  A dart slug (D:1)
  A giant gecko (D:8)
  18 orcs
  2 spectral bats (Ossuary)
  5 bat simulacra (Ossuary)
  5 giant cockroaches
  7 gnoll zombies (Ossuary)
  9 goblins
  8 hobgoblins
  13 jackals
  3 quokkas
  A ball python (D:1)
  6 bats
  A giant gecko skeleton (D:6)
  2 giant gecko zombies (D:6)
  6 giant newts
  2 goblin simulacra (Ossuary)
  4 goblin zombies (Ossuary)
  4 hobgoblin zombies (Ossuary)
  8 kobolds
  A kobold simulacrum (Ossuary)
  7 kobold zombies (Ossuary)
  3 orc zombies (Ossuary)
  2 quokka skeletons
  A quokka zombie (D:6)
  5 rats
  6 rat simulacra (Ossuary)
  A spectral goblin (Ossuary)
  6 spectral kobolds (Ossuary)
  3 spectral rats (Ossuary)
249 creatures vanquished.

Vanquished Creatures (others)
  A fungus (Lair:1)
1 creature vanquished.

Grand Total: 250 creatures vanquished

Notes
Turn   | Place    | Note
--------------------------------------------------------------
     0 | D:1      | Wooh the Troll Warper began the quest for the Orb.
     0 | D:1      | Reached XP level 1. HP: 19/19 MP: 1/1
   373 | D:1      | Reached XP level 2. HP: 26/27 MP: 2/2
   487 | D:1      | Reached skill level 3 in Unarmed Combat
   805 | D:1      | Reached XP level 3. HP: 32/33 MP: 3/3
   809 | D:1      | Learned a level 2 spell: Blink
  1261 | D:2      | Reached skill level 4 in Unarmed Combat
  1686 | D:3      | Reached XP level 4. HP: 34/41 MP: 4/4
  2002 | D:3      | Reached skill level 5 in Unarmed Combat
  2023 | D:3      | Found an iron altar of Okawaru.
  2043 | D:3      | Became a worshipper of Warmaster Okawaru
  2203 | D:3      | Found a shimmering altar of Xom.
  2261 | D:3      | Reached XP level 5. HP: 48/48 MP: 5/5
  2403 | D:4      | Learned a level 2 spell: Shroud of Golubria
  2412 | D:4      | Noticed an ogre
  2422 | D:4      | Killed an ogre
  2422 | D:4      | Reached skill level 6 in Unarmed Combat
  2547 | D:4      | Found a staircase to the Ecumenical Temple.
  2751 | D:4      | Noticed an ogre
  2758 | D:4      | Reached XP level 6. HP: 52/55 MP: 6/6
  2766 | D:4      | Reached * piety under Okawaru
  3287 | D:5      | Entered Level 5 of the Dungeon
  3440 | D:5      | Noticed a water moccasin
  3440 | D:5      | Noticed a sky beast
  3450 | D:5      | Killed a water moccasin
  3450 | D:5      | Reached XP level 7. HP: 47/62 MP: 7/7
  3470 | D:5      | Reached skill level 5 in Translocations
  3475 | D:5      | Gained mutation: You are partially covered in iridescent scales (AC +4). [mutagenic meat]
  3476 | D:5      | Gained mutation: Your system is resistant to poisons. [mutagenic meat]
  3995 | D:5      | Reached ** piety under Okawaru
  4249 | D:6      | Learned a level 3 spell: Teleport Other
  4286 | D:6      | Reached XP level 8. HP: 57/70 MP: 8/8
  4384 | D:6      | Found Datrusod's Book Boutique.
  4552 | D:6      | Found a blossoming altar of Fedhas.
  4553 | D:6      | Found a glowing golden altar of the Shining One.
  4553 | D:6      | Found a shattered altar of Ashenzari.
  4701 | D:6      | Found a white marble altar of Elyvilon.
  4701 | D:6      | Found a radiant altar of Vehumet.
  4702 | D:6      | Found an iron altar of Okawaru.
  4730 | D:7      | Noticed Prince Ribbit
  4765 | D:7      | HP: 2/70 [Prince Ribbit (12)]
  4916 | D:7      | Killed Prince Ribbit
  4916 | D:7      | Reached skill level 5 in Dodging
  4955 | D:7      | Noticed Menkaure
  4964 | D:7      | Killed Menkaure
  5104 | D:7      | Found a sand-covered staircase.
  5113 | Ossuary  | Entered an ossuary
  5611 | D:7      | Found a shimmering altar of Xom.
  5732 | D:7      | Found a bloodstained altar of Trog.
  5788 | D:7      | Noticed Crazy Yiuf
  5797 | D:7      | Killed Crazy Yiuf
  5977 | D:8      | Reached XP level 9. HP: 79/81 MP: 9/9
  5996 | D:8      | Reached *** piety under Okawaru
  6333 | D:8      | Found a staircase to the Lair.
  6385 | D:8      | Reached skill level 7 in Unarmed Combat
  6526 | D:8      | Learned a level 2 spell: Repel Missiles
  6618 | D:8      | Reached skill level 1 in Charms
  6760 | D:8      | Found Zief's Book Boutique.
  6952 | Lair:1   | Entered Level 1 of the Lair of Beasts
  7081 | Lair:1   | Reached **** piety under Okawaru
  7217 | Lair:1   | Reached XP level 10. HP: 43/92 MP: 10/10
  7360 | Lair:1   | Noticed a spiny frog
  7374 | Lair:1   | Killed a spiny frog
  7843 | Lair:1   | Reached skill level 5 in Fighting
  7947 | Lair:1   | Slain by a blink frog

Skill      XL: |  1  2  3  4  5  6  7  8  9 10 |
---------------+-------------------------------+-----
Unarmed Combat | 3 4 5 6 7 |  7.4
Translocations | 4 5 |  5.6
Dodging        | 2 6 |  6.2
Fighting       | 3 4 5 |  5.0
Charms         | 4 |  4.4
Throwing       | |  0.8
Spellcasting   | |  1.2

Action                   |  1- 3 |  4- 6 |  7- 9 | 10-12 || total
-------------------------+-------+-------+-------+-------++-------
Melee: Unarmed           |   152 |   130 |   536 |    85 ||   903
       Punch             |     2 |     2 |     8 |     4 ||    16
 Cast: Shroud of Golubri |       |     3 |    12 |     5 ||    20
       Blink             |       |       |    11 |     3 ||    14
       Teleport Other    |       |       |     2 |       ||     2
       Repel Missiles    |       |       |     1 |       ||     1
Invok: Heroism           |       |       |     3 |       ||     3
  Use: Scroll            |       |       |     6 |     1 ||     7
       Potion            |       |       |     1 |     1 ||     2
  Eat: Chunk             |    15 |    20 |    45 |     1 ||    81
Armor: Robe              |    72 |    52 |   212 |    43 ||   379
Dodge: Dodged            |    73 |    63 |   284 |    59 ||   479
       Deflected         |       |       |     1 |       ||     1
